 Dungeon Crawl Stone Soup version 0.32-a0-485-g70f7560b1c (webtiles) character file.

Game seed: 910552142973349498

635 retardedninja the Trooper (level 7, 0/61 HPs)
             Began as a Mountain Dwarf Fighter on Feb 26, 2024.
             Slain by an orc
             ... wielding a +0 spear
              (3 damage)
             ... on level 4 of the Dungeon.
             The game lasted 00:05:19 (3710 turns).

retardedninja the Trooper (Mountain Dwarf Fighter)  Turns: 3710, Time: 00:05:20

Health: 0/61       AC:  7    Str: 18 (21) XL:     7   Next: 25%
Magic:  1/7        EV:  9    Int:  6 (8)  God:
Gold:   238        SH:  4    Dex:  8 (9)  Spells: 6/6 levels left

rFire   . . .        a - +0 war axe
rCold   . . .        c - +0 buckler
rNeg    . . .        b - +0 scale mail
rPois   .            (no helmet)
rElec   .            (no cloak)
rCorr   .            (no gloves)
SInv    .            (no boots)
Will    +....        (no amulet) Stlth
                     (no ring)
HPRegen 0.30/turn    (no ring)
MPRegen 0.10/turn

%: no passive effects
@: enlightened, flying
A: runic magic, artefact enchanting
a: no special abilities


You were on level 4 of the Dungeon.
You visited 1 branch of the dungeon, and saw 4 of its levels.

You collected 238 gold pieces.

Inventory:

Hand Weapons
 a - a +0 war axe (weapon)
Armour
 b - a +0 scale mail (worn)
 c - a +0 buckler (worn)
Jewellery
 g - a ring of fire
 h - a ring of ice
 p - a ring of flight
Talismans
 k - a serpent talisman
Wands
 o - a wand of polymorph (7)
Scrolls
 e - a scroll of vulnerability {unknown}
 i - a scroll of silence {unknown}
 m - a scroll of enchant armour {unknown}
 n - a scroll of amnesia {unknown}
Potions
 j - a potion of attraction
 l - a potion of curing {unknown}
 r - a potion of haste {unknown}


   Skills:
 + Level 5.4 Fighting
 + Level 5.2 Axes
 + Level 5.4 Armour
 + Level 5.4 Shields


You had 6 spell levels left.
You didn't know any spells.
Your spell library was empty.

Dungeon Overview and Level Annotations

Branches:
Dungeon (4/15)
 Temple: D:4-7

Altars:
Yredelemnul


Innate Abilities, Weirdness & Mutations

Your spellcasting is much less encumbered by armour.
You can use scrolls of enchantment on lesser artefacts.


Message History

You barely miss the gnoll.
The gnoll is almost dead.
The gnoll barely misses you.
The orc hits you from afar with a +0 spear.
* * * LOW HITPOINT WARNING * * *
It was a potion of degeneration.
There was something very wrong with that liquid.
You feel weakened.
You feel dopey.
You feel clumsy. The gnoll barely misses you.
The orc hits you but does no damage.
Unknown command.
It was a potion of enlightenment.
You feel very buoyant.
You fly up into the air.
The gnoll hits you with a +0 antimagic halberd.
* * * LOW HITPOINT WARNING * * *
You feel your power leaking away. You block the orc's attack.
You hit the gnoll but do no damage.
The gnoll is almost dead.
The gnoll barely misses you.
The orc hits you from afar with a +0 spear.
* * * LOW HITPOINT WARNING * * *
The gnoll hits you with a +0 antimagic halberd.
* * * LOW HITPOINT WARNING * * *
You block the orc's attack.
Okay, then.
Unknown command.
You hit the gnoll.
You kill the gnoll!
The orc hits you from afar with a +0 spear.
* * * LOW HITPOINT WARNING * * *
The orc hits you with a +0 spear.
* * * LOW HITPOINT WARNING * * *
You see here a +0 antimagic halberd.
Unknown command.
You barely miss the orc. You block the orc's attack.
You hit the orc.
The orc is moderately wounded.
The orc hits you with a +0 spear.
You die...

........#.........#.....## #....
........########.....#### #....
........# ####..### #..).
################.......##########
.........o..h..h................
################....##...#####
##)........# #....####.#
...........########.# #.#
.#.........##...@o..# #.#
h#.........##.##########.#######
......#######.########.).......#
.......# #....<....#.<........##
...o...# #.........##.)........#
.......# #.........##..........#
.......# ############..........#
.#...### #..........# ##.#...##
######......


You could see an orc.

Vanquished Creatures
  Sigmund (D:4)
  A black bear (D:4)
  An ogre (D:4)
  A howler monkey (D:3)
  A bombardier beetle (D:3)
  An iguana (D:4)
  2 orc wizards (D:3)
  A gnoll (D:4)
  7 adders
  5 ribbon worms
  8 orcs (D:3)
  6 ball pythons
  5 endoplasms
  2 giant cockroaches (D:2)
  9 goblins
  4 hobgoblins
  A kobold (D:1)
  A quokka (D:3)
  5 bats
  5 frilled lizards
  5 rats
72 creatures vanquished.

Notes
Turn   | Place    | Note
-------+----------+-------------------------------------------
     0 | D:1      | retardedninja the Mountain Dwarf Fighter began the quest
                  | for the Orb.
     0 | D:1      | Reached XP level 1. HP: 19/19 MP: 1/1
   179 | D:1      | Reached XP level 2. HP: 26/26 MP: 2/2
   999 | D:2      | Reached XP level 3. HP: 26/33 MP: 3/3
  1060 | D:2      | Found a basalt altar of Yredelemnul.
  1103 | D:2      | Found a faded altar of an unknown god.
  1715 | D:3      | Reached XP level 4. HP: 31/40 MP: 4/4
  2041 | D:3      | Reached XP level 5. HP: 23/46 MP: 5/5
  2721 | D:4      | Noticed an ogre
  2837 | D:4      | Killed an ogre
  2838 | D:4      | Reached XP level 6. HP: 26/53 MP: 6/6
  3311 | D:4      | Reached skill level 5 in Fighting
  3311 | D:4      | Reached skill level 5 in Armour
  3311 | D:4      | Reached skill level 5 in Shields
  3400 | D:4      | Noticed Sigmund
  3419 | D:4      | HP: 2/56 [something (6)]
  3425 | D:4      | Killed Sigmund
  3426 | D:4      | Reached skill level 5 in Axes
  3426 | D:4      | Reached XP level 7. HP: 21/61 MP: 7/7
  3708 | D:4      | HP: 2/61 [orc/+0 spear (2)]
  3710 | D:4      | Slain by an orc

Illustrated notes

Levels and vault maps discovered:
D:1:      dpeg_arrival_another_circle, layout_basic, serial_curves,
          eino_curves_02, eino_curves_02
D:2:      layout_basic, shapermc_ecumenical_altar_venn, basic_altar
D:3:      layout_loops_ring, minmay_strange_pillars, minmay_misc_feat_ornament,
          minmay_surrounded
D:4:      layout_basic, nicolae_wormholes, uniq_sigmund

Skill      XL: |  1  2  3  4  5  6 |
---------------+-------------------+-----
Axes           | 3 4 5 |  5.2
Fighting       | 4 5 |  5.4
Armour         | 4 5 |  5.4
Shields        | 4 5 |  5.4

Action                     |  1- 3 |  4- 6 |  7- 9 || total
---------------------------+-------+-------+-------++-------
  Melee: War axe           |    97 |   144 |    20 ||   261
  Evoke: Wand              |       |     3 |     2 ||     5
    Use: Potion            |       |     5 |     2 ||     7
         Scroll            |       |     2 |       ||     2
 Armour: Scale mail        |    82 |   120 |    24 ||   226
  Dodge: Dodged            |    61 |    72 |    16 ||   149
  Block: Buckler           |    30 |    27 |     4 ||    61

Table legend: (Time is in decaauts)
 A = Elapsed time spent in this place.
 B = Non-inter-level travel time spent in this place.
 C = Inter-level travel time spent in this place.
 D = Time resting spent in this place.
 E = Time spent auto-exploring this place.
 F = Levels seen in this place.
 G = Mean time per level.
                   A        B        C        D        E       F      G
               +--------+--------+--------+--------+--------+-----+--------+
         Total |   3802 |   3706 |     96 |    115 |   2877 |   4 |  950.5 |
       Dungeon |   3802 |   3706 |     96 |    115 |   2877 |   4 |  950.5 |
               +--------+--------+--------+--------+--------+-----+--------+

Top non-repeatable levels by time:
     D:3: 1173 daAuts
     D:4: 924 daAuts
     D:1: 882 daAuts
     D:2: 822 daAuts
